 Dungeon Crawl Stone Soup version 0.25.1-8-g42b30a86e7 (webtiles) character file.

Game seed: 11785080304659211707

301 growler the Ruffian (level 6, -3/47 HPs)
             Began as a Draconian Transmuter on Dec 16, 2020.
             Was an Initiate of Okawaru.
             Slain by an orc wizard
             ... wielding a cursed -1 dagger
              (6 damage)
             ... on level 3 of the Dungeon.
             The game lasted 00:11:01 (4536 turns).

growler the Ruffian (Draconian Transmuter)          Turns: 4536, Time: 00:11:01

Health: -3/47      AC:  7    Str: 14    XL:     6   Next: 14%
Magic:  9/11       EV: 12    Int: 13    God:    Okawaru [......]
Gold:   237        SH:  5    Dex: 12    Spells: 5/11 levels left

rFire    . . .     SeeInvis .     - Unarmed
rCold    . . .     Gourm    .   (no shield)
rNeg     . . .     Faith    .   (armour unavailable)
rPois    .         Spirit   .   (helmet restricted)
rElec    .         Reflect  +   n - +0 cloak
rCorr    .         Harm     .   (no gloves)
MR       .....                  (no boots)
Stlth    +.........             d - amulet of reflection
HPRegen  0.15/turn              (no ring)
MPRegen  0.12/turn              (no ring)

@: no status effects
A: unfitting armour, cold-blooded, AC +6
a: Renounce Religion


You were on level 3 of the Dungeon.
You worshipped Okawaru.
Okawaru was noncommittal.
You were hungry.

You visited 1 branch of the dungeon, and saw 4 of its levels.

You collected 237 gold pieces.

Inventory:

Missiles
 a - 16 arrows
Armour
 n - a +0 cloak (worn)
   (You took it off Crazy Yiuf on level 3 of the Dungeon)
Jewellery
 d - an amulet of reflection (around neck)
   (You found it on level 2 of the Dungeon)
Wands
 u - a wand of paralysis (5)
   (You took it off Ijyb on level 3 of the Dungeon)
Scrolls
 b - 4 scrolls of fog {unknown}
 c - 4 scrolls of magic mapping {unknown}
 g - 2 scrolls of identify {unknown}
 i - 2 scrolls of noise {unknown}
 j - a scroll of remove curse {unknown}
 k - a scroll of fear {unknown}
 o - a scroll of teleportation {unknown}
Potions
 f - a potion of ambrosia {unknown}
 h - a potion of curing {unknown}
 l - a potion of flight {unknown}
 m - a potion of degeneration {unknown}
 p - a potion of magic {unknown}
Comestibles
 e - 5 rations {!d}


   Skills:
 - Level 1.1 Fighting
 - Level 1.7 Dodging
 + Level 4.3 Unarmed Combat
 + Level 3.3 Spellcasting
 + Level 3.6 Transmutations
 + Level 3.1 Invocations


You had 5 spell levels left.
You knew the following spells:

 Your Spells              Type           Power        Failure   Level  Hunger
a - Beastly Appendage     Tmut           ##....       4%          1    #......
s - Sticks to Snakes      Tmut           ##......     8%          2    ##.....
x - Spider Form           Tmut/Pois      #.........   32%         3    ###....

Your spell library contained the following spells:

 Spells                   Type           Power        Failure   Level  Hunger
 Ice Form                 Ice/Tmut       #.......     71%         4    #####..
 Blade Hands              Tmut           ##........   80%         5    ######.


Dungeon Overview and Level Annotations

Branches:
Dungeon (4/15)
 Temple: D:4-7

Altars:
Cheibriados
Okawaru
Trog


Innate Abilities, Weirdness & Mutations

Your plain brown scales are hard. (AC +6)
You cannot fit into any form of body armour.
You are cold-blooded and may be slowed by cold attacks.


Message History

Your transformation has ended.
Your +0 cloak unmelds from your body.
You start resting.
You start resting.
All of the chunks of flesh in your inventory have rotted away.
You are feeling hungry.
You start resting.
The spell is quite dangerous to cast (32% risk of failure)!
Continue anyway?
You turn into a venomous arachnid creature.
Your +0 cloak melds into your body.
You climb downwards.
Your transformation is almost over.
The orc wizard hits you but does no damage.
There is a stone staircase leading up here.
You closely miss the orc wizard.
The orc wizard hits you but does no damage.
You hit the orc wizard.
The orc wizard is poisoned.
The orc wizard hits you but does no damage.
You block the orc wizard's attack. The gnoll barely misses you.
The orc priest invokes the aid of Beogh against you.
Beogh smites you! The orc wizard misses you.
The orc wizard points at you and mumbles some strange words.
The magic dart hits you.
The gnoll hits you from afar with a +0 spear!
* * * LOW HITPOINT WARNING * * *
You climb upwards.
There is a stone staircase leading down here.
You hit the orc wizard but do no damage.
The orc wizard closely misses you. x2
You bite the orc wizard!
The orc wizard hits you but does no damage.
The orc wizard closely misses you.
You closely miss the orc wizard.
The orc wizard hits you with a cursed -2 dagger.
* * * LOW HITPOINT WARNING * * *
You block the orc wizard's attack.
You bite the orc wizard!
The orc wizard mumbles some strange words.
The orc wizard blinks!
The orc wizard points at you and mumbles some strange words.
The puff of flame hits you.
* * * LOW HITPOINT WARNING * * *
You barely miss the orc wizard.
Your transformation has ended.
Your +0 cloak unmelds from your body.
The orc wizard points at you and mumbles some strange words.
The magic dart hits you!
* * * LOW HITPOINT WARNING * * *
The orc wizard hits you with a cursed -1 dagger.
You die...

#...# #. #### #...# #.
#..# #)# #. #.## ♣♣.♣ #.
#.# ♣.♣♣ ##. #.# ♣♣.♣ #..
#.# ♣.♣♣ ##. #######.##
♣♣.♣♣ #. #...o@o..#
♣...♣♣ #. #.#####.##
♣....♣ #. ##.## #.#
#....# #.
##...####.####....### #.
##...................# #.
#............##...##.# ##
#...(..####'####<###.# #.
#.....##≈≈≈.≈≈##.###.###.
##.>..#≈≈....≈≈#.......#.


You could see 2 orc wizards.

Vanquished Creatures
  Crazy Yiuf (D:3)
  An orc wizard (D:3)
  Ijyb (D:3)
  Natasha (D:3)
  3 gnolls (D:2)
  3 adders
  4 worms
  3 dart slugs (D:3)
  2 leopard geckos (D:3)
  10 orcs
  2 ball pythons
  12 bats
  4 giant cockroaches
  8 hobgoblins
  4 jackals (D:2)
  12 kobolds
  4 quokkas
  3 frilled lizards
  9 goblins
  19 rats
106 creatures vanquished.

Vanquished Creatures (collateral kills)
  A gnoll (D:2)
  An adder (D:2)
  A jackal (D:2)
  A ball python (D:3)
  A rat (D:2)
5 creatures vanquished.

Grand Total: 111 creatures vanquished

Notes
Turn   | Place    | Note
-------+----------+-------------------------------------------
     0 | D:1      | growler the Draconian Transmuter began the quest for the
                  | Orb.
     0 | D:1      | Reached XP level 1. HP: 16/16 MP: 3/3
    71 | D:1      | Found an iron altar of Okawaru.
   181 | D:1      | Became a worshipper of Warmaster Okawaru
   241 | D:1      | Reached XP level 2. HP: 23/23 MP: 5/5
   312 | D:1      | Learned a level 2 spell: Sticks to Snakes
   693 | D:2      | Reached skill level 1 in Invocations
   778 | D:2      | Reached XP level 3. HP: 20/28 MP: 4/6
   787 | D:2      | Learned a level 3 spell: Spider Form
   949 | D:2      | Noticed a moth of wrath
  1423 | D:2      | Reached XP level 4. HP: 35/35 MP: 7/7
  2442 | D:2      | Found a bloodstained altar of Trog.
  2769 | D:3      | Reached XP level 5. HP: 40/40 MP: 9/9
  2825 | D:3      | Reached skill level 4 in Unarmed Combat
  3001 | D:3      | Found a snail-covered altar of Cheibriados.
  3097 | D:3      | Noticed Ijyb
  3098 | D:3      | Paralysed by Ijyb for 3 turns
  3105 | D:3      | Paralysed by Ijyb for 7 turns
  3106 | D:3      | Killed Ijyb
  3387 | D:3      | Found a runed translucent door.
  3388 | D:3      | Noticed Crazy Yiuf
  3746 | D:3      | Noticed Natasha
  3853 | D:3      | Killed Natasha
  3863 | D:3      | Reached XP level 6. HP: 42/47 MP: 2/10
  4209 | D:3      | Killed Crazy Yiuf
  4536 | D:3      | Slain by an orc wizard

Illustrated notes

Levels and vault maps discovered:
D:1:      minmay_arrival_arboretum_small, layout_rooms,
          okawaru_ov_weapons_minmay
D:2:      layout_loops_ring, tgw_trog, minmay_misc_feat_four_crosses,
          minmay_pentomino_z2
D:3:      minmay_bubble_buster, layout_loops_ring, kennysheep_slug_shrine,
          minmay_misc_feat_five, chequers_serial_rivers_large_b,
          kennysheep_another_room, uniq_crazy_yiuf_cottage, uniq_ijyb,
          uniq_natasha
D:4:      layout_gridville, serial_shops, nicolae_shop_crystal, first_ration,
          vehumet_altar_wand_db, uniq_pikel, uniq_menkaure

Skill      XL: |  1  2  3  4  5 |
---------------+----------------+-----
Invocations    | 1 2 3 |  3.1
Transmutations | 3 |  3.6
Unarmed Combat | 4 |  4.3
Spellcasting   | 3 |  3.3
Fighting       | |  1.1
Dodging        | |  1.7

Action                   |  1- 3 |  4- 6 || total
-------------------------+-------+-------++-------
Melee: Unarmed           |   125 |   237 ||   362
       Tailslap          |    10 |    21 ||    31
       Headbutt          |     1 |       ||     1
       Kick              |     3 |     8 ||    11
       Punch             |     2 |     2 ||     4
 Cast: Beastly Appendage |     3 |     4 ||     7
       Sticks to Snakes  |     3 |     4 ||     7
       Spider Form       |     1 |     7 ||     8
 Stab: Sleeping          |     1 |     1 ||     2
  Eat: Chunk             |     2 |    11 ||    13
Armor: Skin              |    26 |    63 ||    89
Dodge: Dodged            |    88 |   131 ||   219
Block: Other             |     6 |    43 ||    49
       Reflection        |       |     2 ||     2
